Map: Jagannatha LE

Players

Serral - Winner!

  • Race: Zerg Zerg
  • League: Grandmaster
  • Spawn Location: 7:00

Rail

  • Race: Protoss Protoss
  • League: Master
  • Spawn Location: 1:00

Event: DreamHack SC2 Masters 2020 Winter

VOD

Have the link to the VOD?

Description

Time

  • Played on: Nov. 1, 2020, 1:10 p.m.
  • Length: 13:47

All games in this series

Show
View Real Time Build Order
Export as new Build Order

Serral Zerg - Winner!

Build Orders: Pool First, Roach Hydra 

Get SALT Encoding   

  12  0:17  Spawning Pool  
  11  0:22  Drone  
  11  0:26  Drone  
  13  0:31  Drone  
  14  0:40  Overlord  
  14  1:03  Zergling x4  
  16  1:05  Zergling x2  
  19  1:17  Hatchery  
  16  1:19  Zergling x2  
  17  1:26  Zergling x2  
  18  1:35  Queen  
  18  1:39  Drone  
  21  1:48  Overlord  
  21  1:59  Drone  
  22  2:09  Drone  
  22  2:11  Queen  
  25  2:20  Drone  
  26  2:29  Queen  
  28  2:30  Drone  
  28  2:31  Drone  
  28  2:34  Extractor  
  29  2:42  Drone x2  
  31  2:46  Drone x2  
  31  2:47  Drone  
  34  2:52  Overlord  
  34  2:56  Drone  
  35  3:02  Drone  
  37  3:12  Drone  
  37  3:13  Drone  
  38  3:21  Overlord  
  38  3:25  Drone x2  
  40  3:34  Zergling x2  
  41  3:37  Drone x3  
  41  3:39  Queen  
  46  3:46  Metabolic Boost  
  46  3:55  Hatchery  
  46  3:58  Drone  
  46  4:00  Drone  
  46  4:01  Drone  
  48  4:05  Drone x2  
  48  4:09  Overlord  
  50  4:13  Zergling x4  
  52  4:18  Overlord  
  52  4:25  Roach Warren  
  52  4:27  Drone, Queen  
  52  4:29  Drone x3  
  52  4:30  Extractor  
  56  4:32  Overlord  
  56  4:39  Zergling x2  
  56  4:40  Drone  
  56  4:41  Drone x2  
  60  4:49  Overlord  
  60  4:50  Drone  
  61  4:55  Drone x3, Lair  
  61  4:59  Drone  
  66  5:00  Drone  
  66  5:04  Drone x3  
  66  5:06  Evolution Chamber  
  68  5:07  Overlord  
  68  5:11  Queen  
  70  5:18  Drone x3  
  73  5:22  Overlord  
  73  5:25  Drone  
  73  5:27  Spore Crawler  
  67  5:37  Zergling x18  
  67  5:40  Drone  
  67  5:42  Zerg Melee Weapons Level 1  
  76  5:44  Extractor  
  76  5:45  Extractor  
  76  5:47  Drone x4  
  78  5:52  Drone  
  78  5:53  Drone  
  80  5:58  Glial Reconstitution  
  80  6:05  Overlord  
  80  6:11  Drone x3  
  82  6:12  Roach x5  
  82  6:13  Hatchery, Overseer  
  82  6:17  Drone  
  93  6:19  Baneling Nest  
  93  6:21  Overseer, Overlord  
  93  6:24  Roach x2  
  96  6:29  Overlord  
  96  6:32  Roach  
  98  6:44  Roach  
  98  6:45  Queen x2, Zergling x12, Roach  
  103  6:49  Queen  
  104  6:58  Drone x7  
  111  7:03  Centrifical Hooks  
  111  7:07  Drone x2  
  113  7:10  Drone  
  113  7:12  Extractor  
  113  7:14  Hydralisk Den, Extractor  
  111  7:15  Evolution Chamber  
  111  7:19  Drone, Overlord  
  111  7:20  Drone x6  
  116  7:29  Drone x5  
  114  7:33  Drone  
  115  7:39  Infestation Pit  
  115  7:43  Zerg Missile Weapons Level 1  
  114  7:46  Zerg Melee Weapons Level 2  
  114  7:48  Grooved Spines  
  114  7:49  Drone x3, Hydralisk x2  
  121  7:54  Pneumatized Carapace  
  121  7:57  Extractor x2  
  119  7:59  Drone x3  
  119  8:00  Drone x2  
  119  8:03  Hydralisk x2  
  119  8:05  Hatchery  
  127  8:07  Overlord x2  
  127  8:08  Overlord  
  127  8:10  Overlord  
  127  8:18  Hydralisk x4  
  135  8:22  Hive  
  135  8:26  Drone x3  
  138  8:33  Hydralisk x3  
  136  8:34  Zergling x10  
  143  8:41  Overlord  
  143  8:42  Hydralisk x2  
  143  8:43  Hydralisk  
  143  8:48  Overlord  
  149  8:51  Overlord  
  149  8:52  Overlord  
  149  8:53  Hydralisk  
  149  8:54  Hydralisk x2  
  155  8:59  Drone x2, Muscular Augments  
  155  9:00  Hydralisk x3  
  163  9:04  Baneling x4  
  163  9:05  Baneling x6  
  163  9:11  Hydralisk  
  163  9:12  Zergling x4, Hydralisk x2  
  171  9:20  Hydralisk x3  
  171  9:21  Zergling x10  
  182  9:27  Hydralisk x3  
  182  9:28  Zergling x2  
  189  9:34  Baneling x4  
  189  9:39  Overlord, Hydralisk x2  
  189  9:40  Zergling x12  
  199  9:47  Baneling x12  
  199  9:53  Overlord  
  199  9:58  Zergling x16  
  199  9:59  Zergling x10  
  200  10:06  Zergling x2, Hydralisk x2  
  199  10:10  Spire  
  199  10:13  Baneling  
  199  10:14  Baneling x10  
  198  10:17  Zergling x2  
  196  10:27  Zergling x2, Hydralisk x2  
  196  10:28  Zergling x16  
  198  10:34  Hydralisk  
  198  10:35  Zergling x24, Hydralisk  
  191  10:41  Hydralisk x3  
  191  10:42  Zergling x4  
  189  10:51  Baneling x5  
  189  10:55  Zerg Missile Weapons Level 2  
  189  10:56  Zerg Ground Armor Level 1  
  188  10:58  Baneling, Extractor  
  188  10:59  Drone x3  
  188  11:01  Extractor, Hydralisk  
  188  11:02  Zergling x12, Hydralisk  
  196  11:07  Drone x3  
  196  11:10  Zergling x2  
  191  11:29  Zergling x18  
  196  11:36  Zerg Flyer Weapons Level 1  
  196  11:39  Baneling x6  
  195  11:40  Baneling x17  
  195  11:42  Drone x2, Hydralisk  
  195  11:43  Zergling x2  
  198  11:49  Baneling x6  
  197  11:59  Hydralisk x2  
  197  12:00  Zergling x18  
  188  12:03  Hydralisk  
  188  12:04  Hydralisk x4  
  190  12:12  Hydralisk x2  
  190  12:13  Zergling x28  
  185  12:19  Hydralisk x4  
  169  12:25  Drone  
  169  12:26  Viper  
  169  12:27  Viper  
  172  12:33  Hydralisk x4  
  180  12:38  Hydralisk  
  180  12:40  Hatchery  
  180  12:42  Baneling  
  180  12:43  Baneling x9  
  181  12:47  Hydralisk x3  
  187  12:54  Spire  
  180  13:05  Zergling x2, Hydralisk x2  
  176  13:06  Zergling x16  
  176  13:10  Overseer  
  186  13:16  Baneling x12  
  186  13:26  Zergling x24  
  198  13:28  Baneling x6  
Show
View Real Time Build Order
Export as new Build Order

Rail Protoss 

Build Orders:  

Get SALT Encoding   

  12  0:00  Probe  
  13  0:12  Probe  
  14  0:19  Pylon  
  14  0:24  Probe (Chrono Boost)  
  15  0:37  Probe (Chrono Boost)  
  15  0:38  Gateway  
  16  0:45  Probe (Chrono Boost)  
  16  0:47  Assimilator  
  17  0:51  Probe  
  18  1:03  Probe  
  19  1:07  Pylon  
  19  1:17  Gateway  
  19  1:25  Cybernetics Core, Zealot (Chrono Boost)  
  21  1:43  Zealot (Chrono Boost)  
  23  1:59  Nexus  
  23  2:08  Adept (Chrono Boost)  
  27  2:16  Adept (Chrono Boost)  
  27  2:20  Shield Battery  
  27  2:27  Probe  
  28  2:31  Assimilator  
  28  2:37  Warp Gate  
  28  2:39  Probe  
  29  2:51  Probe  
  29  2:58  Robotics Facility  
  30  3:05  Probe (Chrono Boost)  
  31  3:06  Pylon  
  31  3:12  Probe (Chrono Boost)  
  33  3:21  Probe x2 (Chrono Boost)  
  33  3:26  Probe (Chrono Boost)  
  34  3:27  Probe  
  34  3:28  Stalker  
  38  3:38  Probe  
  38  3:39  Probe  
  40  3:46  Observer  
  41  3:50  Probe (Chrono Boost)  
  41  3:53  Robotics Bay  
  43  3:56  Probe (Chrono Boost)  
  43  4:02  Probe (Chrono Boost)  
  44  4:06  Probe x2 (Chrono Boost)  
  44  4:07  Warp Prism  
  48  4:15  Pylon  
  48  4:16  Probe (Chrono Boost)  
  50  4:18  Probe (Chrono Boost)  
  50  4:20  Assimilator  
  50  4:28  Probe (Chrono Boost)  
  50  4:29  Probe (Chrono Boost)  
  50  4:31  Gateway x2  
  52  4:35  Probe x2 (Chrono Boost)  
  54  4:41  Gravitic Drive  
  54  4:43  Probe  
  54  4:45  Assimilator  
  55  4:46  Disruptor  
  55  4:47  Probe  
  55  4:52  Pylon  
  59  4:55  Probe  
  59  4:59  Probe  
  61  5:05  Pylon  
  61  5:07  Probe  
  61  5:10  Sentry x2  
  61  5:11  Probe  
  67  5:19  Probe  
  68  5:27  Stalker  
  70  5:29  Zealot  
  70  5:34  Pylon, Probe  
  71  5:38  Probe  
  69  5:45  Zealot  
  69  5:46  Probe  
  72  5:50  Nexus  
  72  5:51  Probe  
  72  5:54  Stargate  
  72  5:56  Stargate, Sentry  
  75  5:57  Shield Battery  
  75  5:59  Probe, Sentry  
  75  6:03  Probe  
  79  6:06  Zealot  
  79  6:07  Pylon  
  79  6:11  Zealot, Probe  
  84  6:16  Probe  
  85  6:23  Pylon, Probe  
  86  6:30  Probe  
  86  6:32  Pylon  
  87  6:35  Probe  
  87  6:36  Protoss Air Weapons Level 1  
  88  6:42  Void Ray (Chrono Boost)  
  88  6:44  Probe  
  87  6:47  Probe  
  87  6:49  Void Ray (Chrono Boost)  
  90  6:56  Assimilator, Probe  
  90  6:58  Assimilator  
  90  6:59  Probe  
  92  7:02  Probe  
  92  7:06  Stalker  
  92  7:07  Observer  
  96  7:09  Probe  
  96  7:11  Probe  
  96  7:14  Probe  
  96  7:15  Forge  
  99  7:16  Void Ray (Chrono Boost)  
  99  7:17  Pylon  
  99  7:24  Zealot, Sentry  
  99  7:27  Zealot  
  105  7:35  Stalker  
  105  7:36  Observer  
  107  7:37  Void Ray (Chrono Boost)  
  107  7:38  Probe  
  112  7:45  Fleet Beacon  
  112  7:46  Probe  
  112  7:47  Protoss Shields Level 1  
  112  7:50  Photon Cannon  
  113  7:53  Sentry  
  115  8:03  Void Ray (Chrono Boost)  
  115  8:06  Zealot  
  115  8:07  Photon Cannon  
  115  8:11  Void Ray (Chrono Boost)  
  125  8:24  Pylon  
  125  8:28  Nexus  
  125  8:33  Void Ray (Chrono Boost)  
  125  8:35  Observer  
  125  8:38  Nexus  
  127  8:41  Flux Vanes, Void Ray (Chrono Boost)  
  127  8:47  Shield Battery  
  131  8:49  Photon Cannon  
  131  8:51  Photon Cannon  
  131  8:52  Shield Battery  
  131  8:56  Probe x2  
  131  8:57  Photon Cannon, Protoss Air Weapons Level 2  
  131  8:59  Pylon  
  131  9:00  Probe  
  134  9:06  Stargate  
  134  9:08  Probe  
  134  9:09  Void Ray (Chrono Boost)  
  135  9:10  Stargate, Probe  
  135  9:12  Probe  
  135  9:14  Assimilator  
  141  9:17  Pylon  
  141  9:19  Assimilator  
  141  9:20  Void Ray (Chrono Boost)  
  141  9:24  Probe  
  146  9:33  Pylon  
  146  9:34  Pylon  
  146  9:36  Void Ray (Chrono Boost)  
  146  9:38  Photon Cannon  
  146  9:42  Pylon  
  151  9:45  Probe  
  151  9:49  Pylon  
  151  9:51  Void Ray (Chrono Boost)  
  155  10:02  Disruptor  
  155  10:03  Void Ray  
  155  10:05  Zealot, Sentry  
  155  10:06  Zealot  
  154  10:11  Probe  
  154  10:12  Zealot  
  154  10:13  Void Ray  
  158  10:23  Photon Cannon  
  158  10:24  Probe  
  153  10:34  Zealot x3  
  153  10:35  Zealot, Void Ray (Chrono Boost)  
  141  10:36  Probe  
  141  10:37  Photon Cannon, Probe  
  141  10:42  Probe  
  142  10:44  Photon Cannon, Probe  
  142  10:45  Void Ray (Chrono Boost)  
  142  10:48  Probe  
  142  10:49  Probe  
  145  10:55  Probe  
  145  10:56  Probe  
  135  10:57  Zealot x3, Sentry  
  135  10:59  Void Ray (Chrono Boost)  
  135  11:00  Probe  
  135  11:01  Probe  
  145  11:10  Probe  
  147  11:15  Probe  
  147  11:17  Probe  
  149  11:22  Probe  
  149  11:23  Zealot x4  
  149  11:24  Probe  
  147  11:28  Probe  
  147  11:29  Void Ray  
  147  11:30  Photon Cannon  
  144  11:35  Void Ray  
  148  11:42  Probe  
  146  11:49  Probe  
  146  11:51  Zealot x3  
  151  11:55  Probe  
  151  12:00  Void Ray  
  146  12:05  Photon Cannon, Shield Battery  
  146  12:06  Void Ray  
  136  12:10  Probe  
  136  12:14  Zealot  
  136  12:15  Zealot  
  124  12:17  Probe (Chrono Boost)  
  124  12:20  Probe (Chrono Boost)  
  124  12:21  Probe (Chrono Boost)  
  112  12:26  Pylon, Probe (Chrono Boost)  
  97  12:32  Probe x2 (Chrono Boost)  
  97  12:33  Probe (Chrono Boost)  
  97  12:37  Probe (Chrono Boost)  
  100  12:40  Probe x2 (Chrono Boost)  
  100  12:42  Probe (Chrono Boost)  
  100  12:43  Twilight Council  
  104  12:44  Probe (Chrono Boost)  
  104  12:47  Probe (Chrono Boost)  
  104  12:49  Probe (Chrono Boost)  
  104  12:50  Probe (Chrono Boost)  
  107  12:54  Probe (Chrono Boost)  
  106  13:01  Probe (Chrono Boost)  
  106  13:02  Probe (Chrono Boost), Sentry  
  106  13:03  Probe (Chrono Boost), Sentry x3  
  106  13:04  Probe (Chrono Boost)  
  112  13:09  Disruptor  
  112  13:10  Probe (Chrono Boost)  
  113  13:16  Probe x2 (Chrono Boost)  
  113  13:19  Probe (Chrono Boost)  
  115  13:22  Probe (Chrono Boost)  
  115  13:26  Probe (Chrono Boost)  
  119  13:27  Sentry x3  
  119  13:29  Probe (Chrono Boost)  
  119  13:30  Probe (Chrono Boost)  
  119  13:32  Probe (Chrono Boost)  
  127  13:37  Probe x2 (Chrono Boost)  
  127  13:41  Probe (Chrono Boost)  
Tags
 
Add a new tag
Caveats
  • Supply blocks, unpowered buildings, or Contaminate may cause inaccurate times.
  • Supply counts are checked every 10 seconds.